[Event "SixDays Budapest GM-B 10-2024"]
[Site "Budapest"]
[Date "2024.10.01"]
[Round "3.1"]
[White "Kovalev, Andrei"]
[Black "Wagh Suyog"]
[Result "1/2-1/2"]
[Annotator "RC"]
[ECO "B18"]
[WhiteElo "2412"]
[BlackElo "2341"]
[PlyCount "111"]
[EventDate "2024.09.24"]
[EventType "tourn"]
[EventCountry "HUN"]
[SourceTitle "playchess.com"]
[Source "ChessBase"]
[SourceQuality "1"]
[TimeControl "5400+30"]

1. e4 c6 2. d4 d5 3. Nd2 dxe4 4. Nxe4 Bf5 5. Ng3 Bg6 6. h4 h6 7. Nf3 e6 8. h5 Bh7 9. Bd3 Bxd3 10. Qxd3 Nf6 11. Bf4 Qa5+ 12. Bd2 Bb4 13. c3 Bd6 14. c4 Bb4 15. a3 Bxd2+ 16. Qxd2 Qxd2+ 17. Kxd2 Nbd7 18. Kc3 a5 19. Rhe1 O-O 20. Ne5 Rfd8 21. Rad1 Kf8 22. f3 Rac8 23. Ne4 Nxe5 24. dxe5 Nxe4+ 25. fxe4 Ke7 26. b4 a4 27. c5 f6 28. Rxd8 Rxd8 29. Re3 fxe5 30. Rg3 Kf6 31. Rf3+ Ke7 32. Rg3 Kf6 33. Rf3+ Ke7 34. Rg3 Kf7 35. Rf3+ Kg8 36. b5 Rd4 37. bxc6 bxc6 38. Rd3 Rxd3+ 39. Kxd3 Kf7 40. Kc4 Kf6 41. Kb4 Kg5 42. Ka5 Kf4 43. Kb6 Kxe4 44. Kxc6 Kf5 45. Kd6 e4 46. c6 e3 47. c7 e2 48. c8=Q e1=Q 49. Qf8+ Kg5 50. Qxg7+ Kxh5 51. g4+ Kh4 52. Qxh6+ Kxg4 53. Qxe6+ Qxe6+ 54. Kxe6 Kf4 55. Kd5 Kf5 56. Kc5 1/2-1/2

[Event "SixDays Budapest GM-B 10-2024"]
[Site "Budapest"]
[Date "2024.10.01"]
[Round "3.2"]
[White "Xie, Felix"]
[Black "Galyas, Miklos"]
[Result "0-1"]
[Annotator "TA"]
[ECO "B12"]
[WhiteElo "2320"]
[BlackElo "2394"]
[PlyCount "118"]
[EventDate "2024.09.24"]
[EventType "tourn"]
[EventCountry "HUN"]
[SourceTitle "playchess.com"]
[Source "ChessBase"]
[SourceQuality "1"]
[TimeControl "5400+30"]

1. e4 c6 2. d4 d5 3. e5 Bf5 4. g4 Bd7 5. Nc3 e6 6. Be3 {[%emt 0:00:06] B12: Caro-Kann: Doorschuif Variant.} h5 7. gxh5 {[%emt 0:02:59] Onnauwkeurig} Nh6 {[%emt 0:00:11] Fout (1.0)} (7... c5 $1 $11) {Wit zou moeten proberen} 8. Bd3 $2 {[%emt 0:08:18] [#] Fout (1.7)} (8. Bh3 $16) 8... c5 $1 $15 {[%emt 0:01:20] Briljant} 9. dxc5 {[%emt 0:02:17] Onnauwkeurig} (9. Nf3 c4) 9... Nc6 {[%emt 0:00:16] Beste (Gemakkelijk)} 10. Nf3 {[%emt 0:14:52] OK} Ng4 {[%emt 0:06:17][%csl LRe5,LRh5][%cal Og4e3] Beste} 11. Qe2 $146 {[%emt 0:10:13] OK} ({Predecessor:} 11. Bg5 Qa5 12. a3 Bxc5 13. O-O Qb6 14. Qe2 Rxh5 15. h4 Be7 16. Bf4 g6 17. b4 {1-0 Kozak,A (2571)-Mortazavi,A (2333) Titled Tuesday intern op 20th Jun Early blitz 2023 (4)}) 11... Nxe3 {[%emt 0:08:29] Onnauwkeurig} 12. Qxe3 {Fout (0.8)} (12. fxe3 $11 Rxh5 (12... Bxc5 13. Qg2 $11) 13. O-O-O) 12... Qa5 13. O-O-O {[%emt 0:06:14] OK} Bxc5 {[%emt 0:00:49] Fout (0.7)} (13... O-O-O $1 $15 14. Kb1 Rxh5) 14. Qg5 $11 {[%emt 0:02:40] Beste (Gemakkelijk)} Be7 {[%emt 0:07:16] OK} 15. Qxg7 {[%emt 0:09:51] OK} O-O-O {[%emt 0:00:28] Beste (Gemakkelijk)} 16. h6 {[%emt 0:04:34] Fout (0.6)} (16. Qxf7 $2 Rhf8 17. Qg7 Rxf3 $19) (16. Kb1 $11 Rdg8 17. Qxf7) 16... d4 $15 {[%emt 0:06:24] OK} 17. Nb5 {[%emt 0:03:23] blijft gelijk. Fout (0.6)} (17. Ne4 $1 $11 Qxa2 18. h7 (18. Qxf7 Bb4 $17)) 17... Qxa2 {[%emt 0:00:38] Fout (0.7)} (17... Rhg8 $17 18. Qh7 (18. Qxf7 Rgf8 $14) 18... Qxa2) 18. Nd6+ (18. Nfxd4 Nxd4 19. Nxd4 Qa1+ 20. Kd2 Qxb2 $11) (18. Qxf7 Rhf8 19. Nxa7+ (19. Qh5 $2 Rxf3 20. Nd6+ Bxd6 $19) 19... Kc7 (19... Qxa7 $2 20. Qh5 $19) 20. Nb5+ Kb8 $19) 18... Kb8 {[%emt 0:06:33] Sterke dreiging met ...Rdg8. Onnauwkeurig} 19. Rhg1 {[%emt 0:03:33] OK} (19. Qxf7 $2 Rhf8 20. Rdf1 (20. Qh5 $2 Rxf3 21. Kd2 Qa5+ 22. Kc1 Rxf2 $19) 20... Rxf7 21. Nxf7 Rc8 $19) (19. Nxf7 Bb4 20. Nd2 (20. Nxh8 $2 Qa1#) 20... Bc3 $14 (20... Qa1+ 21. Nb1 $16)) {Zwart zou moeten proberen} 19... f6 $2 {[%emt 0:27:47] [#] Fout (1.5)} 20. Nd2 $1 $16 {[%emt 0:13:33] Nb3 zou dodelijk zijn. Sterk} fxe5 $2 {[%emt 0:01:39] is een betere verdediging. Verliest partij (2.4)} (20... Rxh6 $16 21. Qxh6 Nxe5) 21. Nf7 $18 {[%emt 0:01:29][%csl LRd8,LRe5,LRh8] Beste} Rc8 {[%emt 0:19:39] OK} ({Verwerp} 21... Qa1+ 22. Nb1 $18) 22. Bc4 $2 {[%emt 0:03:36] is dodelijker. Gemiste overwinning (1.7)} (22. Nxh8 $18 Na5 23. Qxe5+ (23. Qxe7 $2 {is een zelfmat.} Qa1+ 24. Nb1 Nb3#) 23... Ka8 24. Rde1 (24. Qxd4 $2 Qa1+ 25. Nb1 Nb3#) 24... Qa1+ 25. Nb1 Nb3+ 26. Kd1 Qxb1+ 27. Ke2 Qxb2 28. Kf3) 22... Qa1+ $16 {[%emt 0:00:07] Beste} 23. Nb1 Rhf8 {[%emt 0:00:20] Onnauwkeurig} {Wit moet spelen} 24. h7 {[%emt 0:01:15] Fout (1.1)} (24. Nxe5 $16 Nxe5 25. Qxe5+ (25. Qxe7 $2 Nxc4 26. Qb4 a5 $19) 25... Ka8 26. Bd3 (26. Bxe6 $2 Bf6 $19) (26. Qxd4 $2 Bf6 $19)) 24... Nb4 $1 $11 {[%emt 0:00:21] Sterk} 25. Qxe5+ (25. h8=B $2 Rxc4 26. Qxe5+ Ka8 $19 (26... Kc8 $2 27. c3 $19)) 25... Ka8 {[%emt 0:00:01] Beste (Gemakkelijk)} 26. Rxd4 (26. h8=Q $2 Rxh8 (26... Rxc4 27. c3 $11) 27. Nxh8 Rxc4 28. Rg8+ Bc8 $19) 26... Nc6 {[%emt 0:01:30] Dansen op een scheermes. Beste (Gemakkelijk)} 27. Qe4 {[%emt 0:01:02] OK} (27. h8=Q $2 {vergaat.} Rxh8 (27... Nxe5 28. Qxe5 Rxf7 29. Rg6 $17) 28. Qxh8 Rxh8 29. Nxh8 Bf6 (29... Nxd4 30. Rg8+) (29... Bg5+ $2 30. Rxg5 Nb8 31. Rg8 $18) 30. Rg8+ Nb8 31. Rxd7 Qxb2+ (31... Bxb2+ 32. Kd2 $15) 32. Kd2 Qb4+ (32... Bxh8 33. Bd3 $15) 33. c3 Qxc4 $19 (33... Qxb1 $2 34. Nf7 $19)) 27... Nxd4 {[%emt 0:00:59] OK} 28. Qxd4 Rxf7 {[%emt 0:00:25] Beste (Gemakkelijk)} 29. h8=Q Rxh8 {[%emt 0:00:02] OK} 30. Qxh8+ Rf8 {[%emt 0:00:01] Beste (Gemakkelijk)} 31. Qg7 {[%emt 0:00:55] [#]} ({Ga niet voor} 31. Rg8 $2 Bg5+ 32. Rxg5 Rxh8 $19) 31... Bd6 {[%emt 0:00:19] En nu zou ...Bf4+ winnen. OK} 32. Rg4 $132 {[%emt 0:01:09][%mdl 2048] Wit is onrustig. OK} Bc8 {[%emt 0:00:56] Een sterk loperpaar. OK} 33. Qd4 {[%emt 0:00:29] Stopt Bf4+. OK} Bxh2 34. Qc5 {[%emt 0:00:36] Voorkomt Qa5. OK} Rd8 {[%emt 0:00:31] Hoopt vervolgens op ...e5. OK} 35. Rh4 {[%emt 0:00:28] is het overwegen waard. Fout (0.5)} (35. Qa3 $11 Qxa3 36. Nxa3) 35... Bd6 $15 {[%emt 0:00:21] OK} 36. Qb5 {[%emt 0:00:25] Onnauwkeurig} Be7 {[%emt 0:00:34] Onnauwkeurig} {Beter is} 37. Rh7 {[%emt 0:00:17] Fout (1.3)} (37. Rg4 $1 $15) 37... Bf6 38. Rf7 $2 {[%emt 0:00:43] [#] niets anders werkt. Verliest partij (4.2)} (38. Bd3 $17) 38... Bxb2+ $1 39. Qxb2 {[%emt 0:00:17] [#] Gemiste overwinning (8.8)} Rd1+ $3 {[%emt 0:00:05][%mdl 512] Briljant} 40. Kxd1 Qxb2 {[%emt 0:00:05] OK} 41. Nd2 {[%emt 0:00:15] OK} Qh8 {[%emt 0:00:33][%cal Ob7b5] Wit moet nu ...b5! voorkomen.} 42. Rf4 a6 {[%emt 0:00:07] OK} 43. Re4 e5 44. Nf3 {[%emt 0:00:11] loont de moeite. Fout (1.7)} (44. Bd3) 44... Qh1+ $19 {[%emt 0:00:10] OK} 45. Ke2 {[%emt 0:00:04] Beste} Bf5 46. Rxe5 {[%emt 0:00:01] OK} Bxc2 {[%emt 0:00:11] OK} 47. Ke3 {[%emt 0:00:31] Fout (2.4)} (47. Ne1 $142 Ba4 48. Nd3) 47... Qc1+ {[%emt 0:00:27] OK} 48. Nd2 Qe1+ 49. Be2 Qa1 50. Rc5 Qa3+ 51. Kd4 {[%emt 0:00:03] Beste} Qb2+ 52. Ke3 Qb6 53. Kd4 Qf6+ 54. Re5 Qxf2+ 55. Kc3 Qf6 56. Nc4 Ba4 {[%emt 0:00:20] Dreigt te winnen met ...b5.} 57. Kb4 Bb5 58. Rc5 Ka7 59. Bd3 Qe7 {[%emt 0:00:28] Wat een nare droom voor Wit.   Blunder waarde: Wit=0.75/Zwart=0.41.  Verliest partij:   	Wit=1      	Zwart=1      Gemiste overwinning: 	Wit=2      	---        Fout:        	Wit=9      	Zwart=4      Onnauwkeurig:    	Wit=3      	Zwart=4      OK:         	Wit=11     	Zwart=14     Beste:        	Wit=4      	Zwart=8      Sterk:        	Wit=1      	Zwart=1      Briljant:      	---       	Zwart=2} 0-1

[Event "SixDays Budapest GM-B 10-2024"]
[Site "Budapest"]
[Date "2024.10.01"]
[Round "3.3"]
[White "Lee, Junhyeok"]
[Black "Boyer, Mahel"]
[Result "1/2-1/2"]
[Annotator "TA"]
[ECO "B06"]
[WhiteElo "2364"]
[BlackElo "2489"]
[PlyCount "50"]
[EventDate "2024.09.24"]
[EventType "tourn"]
[EventCountry "HUN"]
[SourceTitle "playchess.com"]
[Source "ChessBase"]
[SourceQuality "1"]
[TimeControl "5400+30"]

1. e4 g6 2. d4 Bg7 3. Nf3 d6 4. c3 Nf6 5. Bd3 O-O 6. O-O Nbd7 7. h3 e5 8. Be3 d5 9. Nxe5 dxe4 10. Bc2 Nxe5 $1 11. dxe5 Nd5 12. Bd4 Nf4 {[%emt 0:07:57] [#] ...Qg5 would now be deadly.} 13. Bxe4 Qg5 14. Kh1 $1 Qh4 {[%emt 0:11:28][%cal Of4h3] Hoping for ...Nxh3!} 15. Nd2 {[%emt 0:06:58] [#]} Bxh3 $1 16. gxh3 Nxh3 17. Kg2 Nf4+ 18. Kg1 Qg5+ {[%emt 0:01:25][%mdl 1024] Black has compensation.} 19. Kh1 Qh4+ 20. Kg1 {[%emt 0:00:06][%cal Of1e1] aiming for Re1! The position is equal.} c5 21. Be3 Qg5+ 22. Kh1 Qh4+ 23. Kg1 {[%emt 0:00:05] And now Qf3 would win.} Qg5+ 24. Kh1 {[%emt 0:00:09] Strongly threatening Re1.} Qh4+ 25. Kg1 {[%emt 0:00:07] Qf3 is the strong threat.} Qg5+ {[%emt 0:00:09] Weighted Error Value: White=0.08 (flawless) /Black=0.07 (flawless) .  Inaccurate:     	White=1     	Black=2      OK:         	White=3     	Black=5      Best:        	White=5     	Black=4      Strong:       	White=1     	Black=1} 1/2-1/2

[Event "SixDays Budapest GM-B 10-2024"]
[Site "Budapest"]
[Date "2024.10.01"]
[Round "3.4"]
[White "Wu, Yixing"]
[Black "Vinter-Schou, Uffe"]
[Result "1-0"]
[Annotator "RC"]
[ECO "A04"]
[WhiteElo "2324"]
[BlackElo "2307"]
[PlyCount "47"]
[EventDate "2024.09.24"]
[EventType "tourn"]
[EventCountry "HUN"]
[SourceTitle "playchess.com"]
[Source "ChessBase"]
[SourceQuality "1"]
[TimeControl "5400+30"]

1. Nf3 c5 2. c4 g6 3. d4 Bg7 4. e4 Qb6 5. dxc5 Qxc5 6. Be2 Nf6 7. Nc3 Ng4 8. O-O Bxc3 9. bxc3 d6 10. Qd4 O-O 11. h3 Ne5 12. Nxe5 Qxe5 13. Bh6 Rd8 14. f4 Qh8 15. Rad1 Nc6 16. Qe3 b6 17. e5 Bb7 18. Bf3 Na5 19. Bxb7 Nxb7 20. Rfe1 Nc5 21. exd6 e6 22. f5 Rd7 23. Qf3 Rdd8 24. f6 1-0

[Event "SixDays Budapest GM-B 10-2024"]
[Site "Budapest"]
[Date "2024.10.01"]
[Round "3.5"]
[White "Tippa, Aswath Srisai"]
[Black "Grover, Sahaj"]
[Result "0-1"]
[Annotator "TA"]
[ECO "D30"]
[WhiteElo "1648"]
[BlackElo "2496"]
[PlyCount "140"]
[EventDate "2024.09.24"]
[EventType "tourn"]
[EventCountry "HUN"]
[SourceTitle "playchess.com"]
[Source "ChessBase"]
[SourceQuality "1"]
[TimeControl "5400+30"]

1. d4 d5 2. c4 e6 3. Nf3 Nf6 4. g3 Bb4+ 5. Bd2 Be7 6. Bg2 O-O 7. O-O Nbd7 8. b4 {[%emt 0:00:50] E11: Bogo-Indian.} Ne4 9. Qb3 c6 10. Nc3 $146 ({Predecessor:} 10. Rc1 a5 11. bxa5 Nxd2 12. Nbxd2 Qxa5 13. a4 Rd8 14. e3 b6 15. cxd5 cxd5 16. Bf1 {½-½ Mishra,A (2626)-Theodorou,N (2622) Saint Louis Spring-A 2024 (6)}) 10... dxc4 11. Qb2 Nxd2 12. Nxd2 Qb6 13. e3 Qxb4 14. Qc2 Nb6 15. a4 Qa5 16. Ne2 Rd8 17. Rfd1 e5 18. dxe5 Qxe5 19. a5 Bg4 20. Bf3 Rxd2 21. Qxd2 Bxf3 22. axb6 a5 23. Ra2 h5 24. Rc1 h4 25. Qd4 Qb5 26. Qd7 {[%emt 0:03:02] [#]} Bf6 (26... hxg3 $1 $17 27. Nxg3 (27. Qxe7 gxh2+ 28. Kxh2 Qh5+ 29. Kg3 Qg4+ 30. Kh2 Qg2#) 27... Bf8 28. Qxb7 Ra6) 27. Nd4 (27. Qxb7 $15 Rf8 28. Qa7) 27... Bxd4 $17 (27... Qxb6 $2 28. Nxf3 Rd8 29. Qf5 $18) 28. Qxd4 hxg3 29. fxg3 c5 (29... Bd5 $17 {[%cal Oc4c3] Threatens to win with ...c3!} 30. Rb2 Qa6) 30. Qf4 $15 Qc6 (30... Bd5 $15 31. Rd2 Be6) 31. Rd2 $11 Bh5 (31... Bd5 $11) 32. Rd6 (32. Qxc4 Qxb6 33. Rd5 (33. Qxc5 Qxc5 34. Rxc5 Bf3 $11) 33... Qh6 $11) 32... Qe8 33. Rxc4 (33. Rd5 $16 Bg4 34. Rxc5 (34. Qxg4 $2 Qxe3+ 35. Kg2 Qxc1 $19)) 33... a4 $1 $11 34. Rxc5 a3 $1 35. Rxh5 a2 36. Rd1 a1=Q 37. Rxa1 Rxa1+ 38. Kg2 Ra2+ 39. Kh3 Qe6+ 40. g4 Ra8 41. Re5 Qxb6 42. Re7 Rf8 43. Qe4 Qh6+ 44. Kg2 b6 45. Re5 Qd6 46. Rd5 Qc6 47. Re5 Qc1 48. Re8 Qd2+ 49. Kh3 Qd6 50. Kg2 g6 (50... b5 {is more complex.} 51. h4 b4 52. Kf3 Rxe8 53. Qxe8+ Kh7) 51. Rxf8+ Kxf8 52. g5 $2 (52. h4 $11) 52... b5 $19 53. Kf3 (53. Qa8+ $142 Kg7 54. Qa1+ Kg8 55. Qa8+ Qf8 56. Qd5) 53... b4 $1 $19 (53... Qxh2 54. Qb4+ Kg7 55. Qxb5 $11) 54. h4 $2 (54. Qa8+ Kg7 55. Qa1+ Kg8 56. Qb1) 54... b3 $19 55. Qa8+ Kg7 56. Qa1+ Kh7 57. Qb1 Qc6+ 58. Ke2 Qd5 (58... Qg2+ $142 59. Kd3 Qa2 60. Qh1 b2 61. Qg1 b1=Q+ (61... b1=B+ $2 62. Kd4 $19) 62. Qxb1 Qxb1+ 63. Kd2 Qb4+ 64. Ke2 Qxh4 65. Kd3 Qxg5 (65... Qf2 66. e4 f5 67. gxf6 g5 68. e5 g4 69. e6 Qxf6 70. Ke4 Qxe6+ 71. Kd3 g3 72. Kc3 g2 73. Kd4 g1=Q+ 74. Kc3 Qge3+ 75. Kb4 Q6b6+ 76. Kc4 Qed4#) 66. Kd4 Qf6+ 67. Kd5 g5 68. Kc5 g4 69. e4 g3 70. e5 Qxe5+ 71. Kc4 Qe4+ (71... g2 72. Kd3 Qc5 73. Ke4 g1=Q 74. Kf4 Qce3+ 75. Kf5 Qg6#) 72. Kc5 g2 73. Kd6 g1=Q (73... g1=B 74. Kd7 Bb6 75. Kc8 Qc6+ 76. Kb8 Qc7+ 77. Ka8 Qc8#) (73... Qe6+ 74. Kc5 g1=Q+ 75. Kb4 Qe4+ 76. Kb5 Qgb1+ 77. Kc5 Qbb4#) 74. Kc7 Qe7+ 75. Kc8 Qg8#) 59. e4 $19 Qe6 $2 (59... Qc4+ $19 {and Black stays clearly on top.} 60. Qd3 Qe6 (60... Qxd3+ 61. Kxd3 Kg8 62. Kc3 $11)) 60. Kd2 $17 Qh3 $1 61. Ke2 $2 (61. Qg1 $15) 61... Kg8 $2 (61... Qxh4 62. Qxb3 Qxe4+ (62... Qxg5 63. Qxf7+ Kh6 64. Qe6 $11) 63. Kf2 $11) (61... Qg2+ {mates} 62. Ke3 Qa2 63. Qh1 b2 64. h5 b1=Q (64... b1=B $2 65. hxg6+ Kg8 66. Qh7+ Kf8 67. g7+ Ke7 68. g8=Q $18) (64... Qb3+ $2 65. Kf4 $19) 65. hxg6+ Kg7 66. Qh7+ Kf8 67. Qh8+ Ke7 68. Qf6+ Kd7 69. Qd4+ Kc6 70. Qf6+ Qe6 71. Qxe6+ fxe6 72. Kf3 Qb2 (72... Qd1+ 73. Kf4 Qd4 74. Kg3 Qe5+ 75. Kg4 Kc5 76. Kf3 Kd4 77. g7 Qxg7 78. Kf2 Qxg5 79. Kf3 Qe3+ 80. Kg2 Kxe4 81. Kh2 Kf3 82. Kh1 Kf2 83. Kh2 Qh6#) 73. Kf4 Qg7 74. Kf3 Kc5 (74... Qxg6 75. Kf4 Kb5 76. Kg4 Kc4 77. Kg3 Qxg5+ 78. Kf2 Kd3 79. Kf3 e5 80. Kf2 Qg4 81. Kf1 Ke3 82. Ke1 Qg1#) 75. Ke3 Qxg6 76. Kf2 Qxg5 (76... Qxe4 77. g6 Qxg6 78. Ke3 Qg4 79. Kd2 Qf3 80. Kc2 Kc4 81. Kd2 Qf2+ 82. Kd1 Kd3 83. Kc1 Qc2#) 77. Ke2 Kd4 78. Kf3 e5 79. Kf2 Kxe4 80. Ke1 Qg2 81. Kd1 Kd3 82. Ke1 Qg1#) 62. Qd3 $2 (62. Kd2 $19) 62... Qh2+ (62... Qxh4 63. Qd8+ Kh7 64. Qd5 $17) (62... Qxd3+ 63. Kxd3 Kf8 64. Kc3 $11) 63. Ke3 Qg1+ (63... Qxh4 64. Kd4 $17) 64. Ke2 b2 65. Qd8+ Kh7 66. Qf6 Qg2+ (66... b1=B 67. Qxf7+ Kh8 68. Qf8+ Kh7 69. Qh6+ Kg8 70. Qxg6+ Kf8 71. Qh6+ Kg8 72. Qg6+ Kf8 73. Qd6+ Ke8 74. Qe6+ Kd8 75. Kf3 $11) 67. Ke3 Qh3+ (67... b1=B 68. Qxf7+ Kh8 69. Qf8+ Kh7 70. Qh6+ Kg8 71. Qxg6+ Kh8 72. Qf6+ Kg8 73. Qd8+ Kh7 74. Qe7+ Kg6 75. Qd6+ Kh5 76. Qd1+ Kxh4 77. Qe1+ Kh5 78. Qxb1 $11) 68. Kf2 Qxh4+ (68... b1=B 69. Qxf7+ Kh8 70. Qf8+ Kh7 71. Qf7+ Kh8 72. Qf4 $11) 69. Kf3 Qh3+ ({And not} 69... b1=B 70. Qxf7+ Kh8 71. Qe8+ Kg7 72. Qe7+ Kg8 73. Qd8+ Kh7 74. Qe7+ Kg8 75. Qe8+ Kh7 76. Qf7+ Kh8 77. Qf6+ Kg8 78. Qe6+ Kh8 79. Qf6+ Kg8 80. Qd8+ Kh7 81. Qe7+ Kh8 (81... Kg8 82. Qe8+ Kg7 83. Qe7+ Kh8 84. Qf8+ Kh7 85. Qe7+ $11) 82. Qe8+ Kg7 83. Qe7+ Kh8 84. Qf8+ Kh7 85. Qe7+ $11 (85. Qf7+ Kh8 $11)) 70. Ke2 Qb3 ({Not} 70... b1=B 71. Qxf7+ Kh8 72. Qe8+ Kh7 (72... Kg7 73. Qe5+ Kh7 74. Qc7+ Kg8 75. Qb8+ Kf7 76. Qb7+ Ke8 77. Qxb1 $11) 73. Qf7+ Kh8 74. Qf8+ Kh7 75. Qf7+ $11) 0-1